 Dungeon Crawl Stone Soup version 0.31-a0-355-g57cb03d3e8 (webtiles) character file.

Game seed: 11448352242219896727

724 Dordric the Mimic (level 7, -1/32 HPs)
             Began as a Spriggan Shapeshifter on July 24, 2023.
             Slain by a scorpion (6 damage)
             ... on level 5 of the Dungeon.
             The game lasted 00:02:46 (2978 turns).

Dordric the Mimic (Spriggan Shapeshifter)           Turns: 2978, Time: 00:02:47

Health: -1/32      AC:  2    Str: 11    XL:     7   Next: 43%
Magic:  8/8        EV: 21    Int:  9    God:
Gold:   320        SH:  0    Dex: 18    Spells: 6/6 levels left

rFire   . .          .
                       - Unarmed
rCold   . . .        (no shield)
rNeg    . . .        a - +0 animal skin
rPois   .            (helmet currently unavailable)
rElec   .            (cloak currently unavailable)
rCorr   .            (gloves unavailable)
SInv    +            (boots unavailable)
Will    +....        (no amulet)
Stlth   ++           e - +4 ring of slaying
HPRegen 0.25/turn    (no ring)
MPRegen 0.11/turn

%: no passive effects
@: beast-form, weakened, very quick
A: beast (slay +5), very small, no large weapons, unfitting armour, see
invisible, speed 3
a: Begin Untransformation


You were on level 5 of the Dungeon.
You were a hulking beast.
You visited 1 branch of the dungeon, and saw 5 of its levels.

You collected 320 gold pieces.

Inventory:

Armour
 a - a +0 animal skin (worn)
 u - a scarf of harm
Jewellery
 e - a +4 ring of slaying (left hand)
 t - a ring of ice
Talismans
 c - a beast talisman
Wands
 w - a wand of flame (9)
Scrolls
 d - a scroll of teleportation {unknown}
 f - a scroll of enchant armour {unknown}
 h - 2 scrolls of enchant weapon {unknown}
 i - a scroll of fear {unknown}
 j - 5 scrolls of identify {unknown}
 m - 2 scrolls of torment {unknown}
 p - a scroll of immolation {unknown}
 q - 2 scrolls of amnesia {unknown}
 r - a scroll of poison {unknown}
 s - a scroll of butterflies {unknown}
 v - a scroll of vulnerability {unknown}
Potions
 b - a potion of lignification
 g - 2 potions of mutation {unknown}
 k - 2 potions of brilliance {unknown}
 l - 2 potions of heal wounds {unknown}
 n - 2 potions of degeneration {unknown}
 o - 2 potions of might {unknown}


   Skills:
 - Level 0.7 Fighting
 + Level 7.2 Dodging
 - Level 2.4 Unarmed Combat
 + Level 8.1 Shapeshifting


You had 6 spell levels left.
You didn't know any spells.
Your spell library contained the following spells:

 Spells                   Type           Power      Damage    Failure   Level
 Magic Dart               Conj           0%         1d3       38%         1
 Shock                    Conj/Air       0%         1d3       38%         1
 Poisonous Vapours        Pois/Air       0%         N/A       52%         2
 Searing Ray              Conj           0%         2d4       52%         2
 Mephitic Cloud           Conj/Pois/Air  0%         N/A       77%         3
 Stone Arrow              Conj/Erth      0%         3d7       77%         3
 Swiftness                Air            0%         N/A       77%         3
 Airstrike                Air            0%         2d(0-16)  99%         4
 Animate Armour           Summ/Erth      0%         N/A       99%         4
 Fulminant Prism          Conj/Hex       0%         3d5       99%         4
 Freezing Cloud           Conj/Ice/Air   0%         6-21      100%        5
 Lehudib's Crystal Spear  Conj/Erth      0%         10d2      100%        8


Dungeon Overview and Level Annotations

Branches:
Dungeon (5/15)
 Temple: D:4-7

Altars:
Cheibriados
Fedhas
Sif Muna
Vehumet


Innate Abilities, Weirdness & Mutations

You are a hulking beast.
Your limbs bulge with bestial killing power. (Slay +5)
You are very small and have problems with some larger weapons.
You are too small for most types of armour.
You have supernaturally acute eyesight. (SInv)
You cover ground extremely quickly. (Speed+++)


Message History

You are too injured to fight recklessly!
You are too injured to fight recklessly!
Unknown command.
Found a stone staircase leading up.
The hound misses you. The hound closely misses you.
You miss the hound. The hound bites you.
The gnoll bouda gazes fiercely through you!
You feel your attacks grow feeble.
You closely miss the hound. The hound completely misses you.
The hound bites you.
* * * LOW HITPOINT WARNING * * *
You hit the hound.
The hound is moderately wounded.
The hound bites you.
* * * LOW HITPOINT WARNING * * *
You punch the hound!
The hound is almost dead.
The hound completely misses you. The hound misses you.
You hit the hound.
You kill the hound!
You hit the scorpion.
The scorpion is moderately wounded.
The scorpion closely misses you. The gnoll bouda closely misses you.
You hit the scorpion.
The scorpion is moderately wounded.
The scorpion closely misses you.
The gnoll bouda gazes fiercely through you!
You feel as though you will be weak longer.
The gnoll bouda misses you.
You hit the scorpion.
The scorpion is heavily wounded.
The scorpion completely misses you. The gnoll bouda misses you.
You completely miss the scorpion.
The scorpion is heavily wounded.
The scorpion misses you. x2; The gnoll bouda completely misses you.
You hit the scorpion but do no damage.
The scorpion is heavily wounded.
The scorpion stings you.
You die...

##### ... ...#####
.... #..##.. ..## #
#..##.# ...#E
#.##..##.# ####...#
#........###......#
#<##...#.w..sg#
#.s.###..#h#
#######.##########
.......g.......
#...#....####..
#...#....#
#..##....#
...###...w.. ..##
#...#.... ###
#?..#....#


You could see a gnoll bouda, a worm and a scorpion.

Vanquished Creatures
  2 phantoms
  3 scorpions
  3 jellies
  2 hounds
  4 iguanas (D:5)
  An orc wizard (D:3)
  3 adders
  3 dart slugs
  14 orcs
  6 bats
  7 endoplasms
  4 giant cockroaches
  11 goblins
  9 hobgoblins
  2 jackals (D:4)
  3 quokkas
  2 ball pythons (D:3)
  A frilled lizard (D:1)
  3 kobolds
  4 rats
87 creatures vanquished.

Notes
Turn   | Place    | Note
-------+----------+-------------------------------------------
     0 | D:1      | Dordric the Spriggan Shapeshifter began the quest for the
                  | Orb.
     0 | D:1      | Reached XP level 1. HP: 9/9 MP: 2/2
   237 | D:1      | Reached XP level 2. HP: 14/14 MP: 3/3
   806 | D:2      | Reached skill level 5 in Shapeshifting
   890 | D:2      | Reached XP level 3. HP: 17/17 MP: 4/4
  1610 | D:3      | Noticed a phantom
  1622 | D:3      | Killed a phantom
  1623 | D:3      | Reached skill level 6 in Shapeshifting
  1623 | D:3      | Reached XP level 4. HP: 20/21 MP: 5/5
  1665 | D:3      | Reached XP level 5. HP: 22/25 MP: 6/6
  2213 | D:4      | Found a snail-covered altar of Cheibriados.
  2332 | D:4      | Reached skill level 5 in Dodging
  2332 | D:4      | Reached XP level 6. HP: 17/29 MP: 7/7
  2482 | D:4      | Found a shimmering blue altar of Sif Muna.
  2499 | D:4      | Reached skill level 7 in Shapeshifting
  2775 | D:5      | Entered Level 5 of the Dungeon
  2777 | D:5      | Found a radiant altar of Vehumet.
  2848 | D:5      | Found a blossoming altar of Fedhas.
  2878 | D:5      | Reached XP level 7. HP: 22/32 MP: 8/8
  2954 | D:5      | Reached skill level 8 in Shapeshifting
  2965 | D:5      | Noticed a water elemental
  2978 | D:5      | Slain by a scorpion

Illustrated notes

Levels and vault maps discovered:
D:1:      saegor_arrival_fortress, layout_basic
D:2:      layout_basic, minmay_pentomino_r2
D:3:      layout_basic
D:4:      layout_gridville, mainiacjoe_overflow_concentric_impassable,
          lemuel_crystal_altar, nicolae_the_louvre
D:5:      minmay_recursive_quarters, layout_loops_ring,
          nicolae_qazlal_style_of_elements, vehumet_altar_wand_db,
          amcnicky_altar_gilded, fedhas_altar_3, serial_shops, shop

Skill      XL: |  1  2  3  4  5  6  7 |
---------------+----------------------+-----
Shapeshifting  | 5 6 7 8 |  8.1
Dodging        | 3 4 5 6 7 |  7.2
Fighting       | |  0.7
Unarmed Combat | |  2.4

Action                     |  1- 3 |  4- 6 |  7- 9 || total
---------------------------+-------+-------+-------++-------
  Melee: Unarmed           |    85 |   122 |    19 ||   226
         Punch             |     3 |       |     1 ||     4
   Stab: Sleeping          |     4 |     3 |       ||     7
 Armour: Animal skin       |     7 |     4 |       ||    11
  Dodge: Dodged            |    52 |    99 |    19 ||   170

Table legend: (Time is in decaauts)
 A = Elapsed time spent in this place.
 B = Non-inter-level travel time spent in this place.
 C = Inter-level travel time spent in this place.
 D = Time resting spent in this place.
 E = Time spent auto-exploring this place.
 F = Levels seen in this place.
 G = Mean time per level.
                   A        B        C        D        E       F      G
               +--------+--------+--------+--------+--------+-----+--------+
         Total |   2035 |   1983 |     52 |      0 |   1547 |   5 |  407.0 |
       Dungeon |   2035 |   1983 |     52 |      0 |   1547 |   5 |  407.0 |
               +--------+--------+--------+--------+--------+-----+--------+

Top non-repeatable levels by time:
     D:1: 514 daAuts
     D:4: 503 daAuts
     D:2: 444 daAuts
     D:3: 405 daAuts
     D:5: 166 daAuts
